 Dungeon Crawl Stone Soup version 0.26-b1-52-g61e05abef2 (webtiles) character file.

Game seed: 1411093816207348900

91 hawla the Magician (level 4, 0/34 HPs)
             Began as a Draconian Conjurer on Jan 7, 2021.
             Splashed by Ijyb's acid (15 damage)
             ... on level 3 of the Dungeon.
             The game lasted 00:05:09 (3013 turns).

hawla the Magician (Draconian Conjurer)             Turns: 3013, Time: 00:05:10

Health: 0/34       AC:  1    Str:  9    XL:     4   Next: 33%
Magic:  5/10       EV: 12    Int: 19    God:
Gold:   164        SH:  0    Dex: 10    Spells: 4/11 levels left

rFire    . . .     SeeInvis .   g - +0 whip
rCold    . . .     Faith    .   (no shield)
rNeg     . . .     Spirit   .   (armour unavailable)
rPois    .         Reflect  .   (helmet restricted)
rElec    .         Harm     .   (no cloak)
rCorr    .         Rampage  .   (no gloves)
Will     .....                  (no boots)
Stlth    ++........             (no amulet)
HPRegen  0.11/turn              (no ring)
MPRegen  0.12/turn              (no ring)

@: corroded
A: unfitting armour, cold-blooded, AC +5
a: no special abilities


You were on level 3 of the Dungeon.
You visited 1 branch of the dungeon, and saw 3 of its levels.

You collected 164 gold pieces.

Inventory:

Hand Weapons
 g - a +0 whip (weapon)
Missiles
 f - 3 javelins
 l - 22 poisoned darts
Jewellery
 a - an uncursed ring of positive energy {unknown}
Scrolls
 c - 2 scrolls of magic mapping
 d - 2 scrolls of amnesia {unknown}
 e - 3 scrolls of teleportation {unknown}
 i - a scroll of random uselessness {unknown}
 j - a scroll of identify {unknown}
 m - a scroll of enchant armour {unknown}
Potions
 b - 2 potions of flight {unknown}
 h - 2 potions of heal wounds {unknown}
 k - a potion of haste {unknown}


   Skills:
 + Level 0.5 Fighting
 + Level 1.9 Dodging
 + Level 1.9 Stealth
 + Level 4.1 Spellcasting
 + Level 4.0 Conjurations
 + Level 0.2 Translocations


You had 4 spell levels left.
You knew the following spells:

 Your Spells              Type           Power        Failure   Level
a - Magic Dart            Conj           76%          2%          1
b - Searing Ray           Conj           38%          4%          2
c - Iskenderun's Mystic   Conj/Tloc      11%          50%         4

Your spell library contained the following spells:

 Spells                   Type           Power        Failure   Level
 Dazzling Flash           Conj/Hex       22%          19%         3
 Fulminant Prism          Conj/Hex       5%           52%         4


Dungeon Overview and Level Annotations

Branches:
Dungeon (3/15)

Altars:
Elyvilon
Kikubaaqudgha
Makhleb
Zin

Annotations:
D:3 Ijyb


Innate Abilities, Weirdness & Mutations

Your plain brown scales are hard. (AC +5)
You cannot fit into any form of body armour.
You are cold-blooded and may be slowed by cold attacks.


Message History

Ijyb the Twisted Goblin comes into view.
She is wielding a +0 club and carrying a wand of acid (7).
Casting: Magic Dart (safe; 2% risk of failure)
Confirm with . or Enter, or press ? or * to list all spells.
Aiming: Searing Ray (safe; 4% risk of failure)
Press: ? - help, Shift-Dir - straight line, f - Ijyb
Aim: Ijyb, wielding a +0 club, wearing a +0 ring mail and carrying a wand of acid (7) (asleep, 0% to evade)
The searing ray hits Ijyb.
Ijyb is moderately wounded. (Press . to maintain the ray.)
The searing ray hits Ijyb.
Ijyb is heavily wounded.
The searing ray hits Ijyb.
Ijyb is heavily wounded.
The searing ray hits Ijyb.
Ijyb is severely wounded.
You finish channeling your searing ray.
Ijyb zaps a wand.
The bolt of acid hits you!!
Ouch! That really hurt!
The acid corrodes you!
You are splashed with acid!
You die...

#.
#.......#.#.#
#.#
#.#######.#.#
#.#
#.#.......#.#
#.#
#.#.#######.#
#.# #.#.# #.#
#.# #.#.# #.#
###.###.#.#
#.#
#.......#.#
#.#
#.#@#####.#
#.# #.g...#.#
#.# #####.#.#
#.# #.# #.#
#.# #.# #.#
#.# #.# #.#
#.# #.# #.#
#.#


You could see Ijyb.

Vanquished Creatures
  4 adders
  An ooze (D:3)
  A dart slug (D:2)
  2 orcs
  A ball python (D:3)
  6 bats
  3 giant cockroaches
  4 goblins
  2 hobgoblins
  7 jackals (D:3)
  6 kobolds
  5 frilled lizards
  5 rats
47 creatures vanquished.

Vanquished Creatures (others)
  A plant (D:2)
1 creature vanquished.

Grand Total: 48 creatures vanquished

Notes
Turn   | Place    | Note
-------+----------+-------------------------------------------
     0 | D:1      | hawla the Draconian Conjurer began the quest for the Orb.
     0 | D:1      | Reached XP level 1. HP: 14/14 MP: 3/3
   513 | D:1      | Reached XP level 2. HP: 20/20 MP: 3/5
   516 | D:1      | Learned a level 2 spell: Searing Ray
  1151 | D:2      | Reached XP level 3. HP: 26/26 MP: 4/7
  2032 | D:3      | Found an ancient bone altar of Kikubaaqudgha.
  2271 | D:3      | Reached XP level 4. HP: 27/33 MP: 10/10
  2276 | D:3      | Learned a level 4 spell: Iskenderun's Mystic Blast
  2658 | D:3      | Found a burning altar of Makhleb.
  2680 | D:3      | Found a glowing silver altar of Zin.
  2688 | D:3      | Found a white marble altar of Elyvilon.
  3009 | D:3      | Noticed Ijyb
  3013 | D:3      | Splashed by Ijyb's acid

Illustrated notes

Levels and vault maps discovered:
D:1:      ncdulo_watergridlock, layout_basic, hangedman_decor_growths,
          columned_hall_lemuel, skrybe_limestone_x,
          minmay_misc_feat_secret_circle
D:2:      layout_basic, minmay_liquid_box, corexii_shack
D:3:      layout_basic, kiku_gazebo_pond_becter,
          minmay_overflow_temple_star_quad, grunt_ministairs_4, uniq_ijyb

Skill      XL: |  1  2  3 |
---------------+----------+-----
Spellcasting   | 3 4 |  4.1
Fighting       | |  0.5
Dodging        | |  1.9
Stealth        | |  1.9
Conjurations   | |  4.0
Translocations | |  0.2

Action                   |  1- 3 |  4- 6 || total
-------------------------+-------+-------++-------
Melee: Unarmed           |    18 |       ||    18
       Whip              |    14 |       ||    14
       Tailslap          |     1 |       ||     1
 Cast: Magic Dart        |    53 |    13 ||    66
       Searing Ray       |    10 |     5 ||    15
  Use: Scroll            |     3 |       ||     3
Armor: Skin              |    10 |       ||    10
Dodge: Dodged            |    20 |     2 ||    22
